| TOP OF THE 1ST |
|
Connecticut Tigers batting - Pitching for Tri-City ValleyCats : RHP Taek-gyun Kym
|
|
Pitching: RHP Taek-gyun Kym
|
|
|
Batting: RHB Janne Vihko
|
0-0: SINGLE (Groundball, 25, EV 68.8 MPH) (infield hit)
|
|
Batting: RHB Jaden Warrior
|
0-0: Ball 1-0: Ball 2-0: Ball 3-0: Base on Balls Janne Vihko to second
|
|
Batting: LHB Nick Swank
|
0-0: Ball 1-0: Called Strike 1-1: Swinging Strike 1-2: Strikes out looking
|
|
Batting: RHB Zack DiCicco
|
0-0: Ball 1-0: Ball 2-0: Foul Ball, location: 2F 2-1: Ball 3-1: 3-RUN HOME RUN (Flyball, 9D, EV 98.1 MPH), Distance : 397 ft
|
|
Batting: RHB Jeremiah Washington
|
0-0: Ball 1-0: Called Strike 1-1: Foul Ball, location: 2F 1-2: Fly out, F9 (Flyball, 9D, EV 100.6 MPH)
|
|
Batting: SHB Ryohei Nakano
|
0-0: Ball 1-0: Ground out U3 (Groundball, 3, EV 101.2 MPH)
|
| Top of the 1st over - 3 runs, 2 hits, 0 errors, 0 left on base; Connecticut 3 - Tri-City 0 |
| BOTTOM OF THE 1ST |
|
Tri-City ValleyCats batting - Pitching for Connecticut Tigers : RHP Luke Totzke
|
|
Pitching: RHP Luke Totzke
|
|
|
Batting: LHB Bruce Arvizu
|
0-0: Ball 1-0: Ball 2-0: Foul Ball, location: 2F 2-1: Swinging Strike 2-2: Ball 3-2: Foul Ball, location: 2F 3-2: Base on Balls
|
|
Batting: LHB Daigo Ishii
|
0-0: Foul Ball, location: 2F 0-1: Fielders Choice at 2nd, 4-6 (Groundball, 34, EV 82.5 MPH)
|
|
Batting: LHB Danny Wolver
|
0-0: Called Strike 0-1: Ball 1-1: Foul Ball, location: 2F 1-2: Foul Ball, location: 2F 1-2: Ball 2-2: Ball 3-2: Base on Balls Daigo Ishii to second
|
|
Batting: RHB Erik Smith
|
0-0: Ball 1-0: Swinging Strike 1-1: Ball 2-1: Foul Ball, location: 2F 2-2: Foul Ball, location: 2F 2-2: Foul Ball, location: 2F 2-2: Foul Ball, location: 2F 2-2: Foul Ball, location: 2F 2-2: Ball 3-2: Base on Balls Daigo Ishii to third Danny Wolver to second
|
|
Batting: RHB Alex Campos
|
0-0: Ball 1-0: Called Strike 1-1: Swinging Strike 1-2: Foul Ball, location: 2F 1-2: Strikes out swinging
|
|
Batting: LHB Aldo Kok
|
0-0: Swinging Strike 0-1: Called Strike 0-2: Ground out U3 (Groundball, 34, EV 99.4 MPH)
|
| Bottom of the 1st over - 0 runs, 0 hits, 0 errors, 3 left on base; Connecticut 3 - Tri-City 0 |
| TOP OF THE 2ND |
|
Connecticut Tigers batting - Pitching for Tri-City ValleyCats : RHP Taek-gyun Kym
|
|
Batting: RHB Kaleb Yerger
|
0-0: Ball 1-0: Ground out 3-1 (Groundball, 34, EV 86.2 MPH)
|
|
Batting: SHB Ian Arlotta
|
0-0: Swinging Strike 0-1: Swinging Strike 0-2: Ball 1-2: Strikes out looking
|
|
Batting: LHB Zach Rose
|
0-0: Fly out, F7 (Flyball, 7D, EV 77.5 MPH)
|
| Top of the 2nd over - 0 runs, 0 hits, 0 errors, 0 left on base; Connecticut 3 - Tri-City 0 |
| BOTTOM OF THE 2ND |
|
Tri-City ValleyCats batting - Pitching for Connecticut Tigers : RHP Luke Totzke
|
|
Batting: LHB Mike Handrahan
|
0-0: Ball 1-0: Swinging Strike 1-1: Called Strike 1-2: Ball 2-2: Foul Ball, location: 2F 2-2: Foul Ball, location: 2F 2-2: Ball 3-2: Strikes out swinging
|
|
Batting: LHB Bob Govella
|
0-0: Ball 1-0: Ball 2-0: Called Strike 2-1: Ball 3-1: Base on Balls
|
|
Batting: RHB Kieron Clark
|
0-0: Swinging Strike 0-1: Ball 1-1: Called Strike 1-2: Fly out, F9 (Flyball, 9D, EV 75.6 MPH)
|
|
Batting: LHB Bruce Arvizu
|
0-0: SINGLE (Line Drive, 6D, EV 100.6 MPH) Bob Govella to second
|
|
Batting: LHB Daigo Ishii
|
0-0: Ball 1-0: Called Strike 1-1: DOUBLE (Flyball, 9LD, EV 93.8 MPH) Bob Govella scores Bruce Arvizu to third
|
|
Batting: LHB Danny Wolver
|
0-0: Foul Ball, location: 2F 0-1: 3-RUN HOME RUN (Line Drive, 89XD, EV 105.6 MPH), Distance : 412 ft
|
|
Batting: RHB Erik Smith
|
0-0: Called Strike 0-1: Fly out, F9 (Line Drive, 89M, EV 103.8 MPH)
|
| Bottom of the 2nd over - 4 runs, 3 hits, 0 errors, 0 left on base; Connecticut 3 - Tri-City 4 |
| TOP OF THE 3RD |
|
Connecticut Tigers batting - Pitching for Tri-City ValleyCats : RHP Taek-gyun Kym
|
|
Batting: RHB Janne Vihko
|
0-0: Called Strike 0-1: Ball 1-1: Foul Ball, location: 2F 1-2: Ball 2-2: Strikes out looking
|
|
Batting: RHB Jaden Warrior
|
0-0: Ball 1-0: Foul Ball, location: 2F 1-1: Fly out, F7 (Flyball, 7, EV 85.0 MPH)
|
|
Batting: LHB Nick Swank
|
0-0: Swinging Strike 0-1: Called Strike 0-2: Strikes out swinging
|
| Top of the 3rd over - 0 runs, 0 hits, 0 errors, 0 left on base; Connecticut 3 - Tri-City 4 |
| BOTTOM OF THE 3RD |
|
Tri-City ValleyCats batting - Pitching for Connecticut Tigers : RHP Luke Totzke
|
|
Batting: RHB Alex Campos
|
0-0: Ball 1-0: Ball 2-0: Ball 3-0: Base on Balls
|
|
Batting: LHB Aldo Kok
|
0-0: Called Strike 0-1: Ball 1-1: Called Strike 1-2: Foul Ball, location: 2F 1-2: 2-RUN HOME RUN (Flyball, 9D, EV 103.8 MPH), Distance : 417 ft
|
|
Batting: LHB Mike Handrahan
|
0-0: Swinging Strike 0-1: Ball 1-1: Fly out, F8 (Flyball, 8RM, EV 96.9 MPH)
|
|
Batting: LHB Bob Govella
|
0-0: Ball 1-0: Foul Ball, location: 2F 1-1: Called Strike 1-2: Foul Ball, location: 2F 1-2: Ball 2-2: Ball 3-2: Strikes out swinging
|
|
Batting: RHB Kieron Clark
|
0-0: Swinging Strike 0-1: Swinging Strike 0-2: Strikes out swinging
|
| Bottom of the 3rd over - 2 runs, 1 hit, 0 errors, 0 left on base; Connecticut 3 - Tri-City 6 |
| TOP OF THE 4TH |
|
Connecticut Tigers batting - Pitching for Tri-City ValleyCats : RHP Taek-gyun Kym
|
|
Batting: RHB Zack DiCicco
|
0-0: Ball 1-0: Foul Ball, location: 2F 1-1: Foul Ball, location: 2F 1-2: Strikes out looking
|
|
Batting: RHB Jeremiah Washington
|
0-0: Called Strike 0-1: Called Strike 0-2: Ball 1-2: Strikes out looking
|
|
Batting: SHB Ryohei Nakano
|
0-0: Swinging Strike 0-1: Called Strike 0-2: Ball 1-2: Foul Ball, location: 2F 1-2: Ball 2-2: Strikes out looking
|
| Top of the 4th over - 0 runs, 0 hits, 0 errors, 0 left on base; Connecticut 3 - Tri-City 6 |
| BOTTOM OF THE 4TH |
|
Tri-City ValleyCats batting - Pitching for Connecticut Tigers : RHP Luke Totzke
|
|
Pitching: RHP Andy Strange
|
|
|
Batting: LHB Bruce Arvizu
|
0-0: Called Strike 0-1: Ball 1-1: Ground out 4-3 (Groundball, 4, EV 86.2 MPH)
|
|
Batting: LHB Daigo Ishii
|
0-0: Ball 1-0: Ball 2-0: Foul Ball, location: 2F 2-1: SINGLE (Groundball, 3D, EV 98.1 MPH)
|
|
Batting: LHB Danny Wolver
|
0-0: Ball 1-0: Fielders Choice at 2nd, 2-6 (Groundball, 13S, EV 71.2 MPH)
|
|
Batting: RHB Erik Smith
|
0-0: Ball 1-0: Called Strike 1-1: DOUBLE (Flyball, 8LXD, EV 95.6 MPH) Danny Wolver to third Runner from 3rd tries for Home, SAFE, throw by CF to home
|
|
Batting: RHB Alex Campos
|
0-0: Foul Ball, location: 2F 0-1: SINGLE (Groundball, 4D, EV 96.2 MPH) Erik Smith to third
|
|
Batting: LHB Aldo Kok
|
0-0: Called Strike 0-1: Swinging Strike 0-2: Foul Ball, location: 2F 0-2: Foul Ball, location: 2F 0-2: Strikes out swinging
|
| Bottom of the 4th over - 1 run, 3 hits, 0 errors, 2 left on base; Connecticut 3 - Tri-City 7 |
| TOP OF THE 5TH |
|
Connecticut Tigers batting - Pitching for Tri-City ValleyCats : RHP Taek-gyun Kym
|
|
Now at 2B: Tristan Lewis
|
|
|
Batting: RHB Kaleb Yerger
|
0-0: Ball 1-0: Ball 2-0: Swinging Strike 2-1: Ball 3-1: Called Strike 3-2: Base on Balls
|
|
Batting: SHB Ian Arlotta
|
0-0: Foul Ball, location: 2F 0-1: Hit by Pitch Kaleb Yerger to second
|
|
Batting: LHB Zach Rose
|
0-0: Ball Wild Pitch! Kaleb Yerger to third Ian Arlotta to second 1-0: Ground out 6-3 (Groundball, 6, EV 102.5 MPH) Kaleb Yerger scores
|
|
Batting: RHB Janne Vihko
|
0-0: SINGLE (Line Drive, 89M, EV 111.9 MPH) Ian Arlotta to third
|
|
Batting: RHB Jaden Warrior
|
0-0: Ball 1-0: Foul Ball, location: 2F 1-1: SINGLE (Groundball, 6MD, EV 108.8 MPH) Ian Arlotta scores Janne Vihko to second
|
|
Batting: LHB Nick Swank
|
0-0: Foul Ball, location: 2F 0-1: Swinging Strike 0-2: Ball 1-2: Foul Ball, location: 2F 1-2: Ball 2-2: Grounds into double play, 6-4-3 (Groundball, 6M, EV 96.9 MPH)
|
| Top of the 5th over - 2 runs, 2 hits, 0 errors, 1 left on base; Connecticut 5 - Tri-City 7 |
| BOTTOM OF THE 5TH |
|
Tri-City ValleyCats batting - Pitching for Connecticut Tigers : RHP Andy Strange
|
|
Batting: LHB Mike Handrahan
|
0-0: Ball 1-0: Swinging Strike 1-1: Foul Ball, location: 2F 1-2: Strikes out looking
|
|
Batting: LHB Bob Govella
|
0-0: Ball 1-0: SINGLE (Line Drive, 7LS, EV 95.6 MPH)
|
|
Batting: RHB Kieron Clark
|
0-0: Ball 1-0: Called Strike 1-1: Foul Ball, location: 2F 1-2: Ball Bob Govella steals 2nd base 2-2: Ball 3-2: DOUBLE (Line Drive, 78D, EV 108.1 MPH) Bob Govella scores
|
|
Batting: LHB Bruce Arvizu
|
0-0: Fly out, F7 (Line Drive, 78M, EV 86.2 MPH)
|
|
Batting: RHB Tristan Lewis
|
0-0: Ball Wild Pitch! Kieron Clark to third 1-0: Called Strike 1-1: Fly out, F8 (Flyball, 78M, EV 89.4 MPH)
|
| Bottom of the 5th over - 1 run, 2 hits, 0 errors, 1 left on base; Connecticut 5 - Tri-City 8 |
| TOP OF THE 6TH |
|
Connecticut Tigers batting - Pitching for Tri-City ValleyCats : RHP Taek-gyun Kym
|
|
Batting: RHB Zack DiCicco
|
0-0: Swinging Strike 0-1: Ball 1-1: DOUBLE (Line Drive, 7LS, EV 102.5 MPH)
|
|
Batting: RHB Jeremiah Washington
|
0-0: Ball 1-0: Ball 2-0: Swinging Strike 2-1: Foul Ball, location: 2F 2-2: Foul Ball, location: 2F 2-2: Ball 3-2: SINGLE (Groundball, 6MD, EV 105.0 MPH) Zack DiCicco to third Runner from 3rd tries for Home, SAFE, throw by CF to home
|
|
Batting: SHB Ryohei Nakano
|
0-0: Ball 1-0: Foul Ball, location: 2F 1-1: Ball 2-1: Swinging Strike 2-2: Strikes out swinging
|
|
Batting: RHB Kaleb Yerger
|
0-0: Ball 1-0: Foul Ball, location: 2F 1-1: Fielders Choice at 2nd, 5-4 (Groundball, 5L, EV 106.9 MPH)
|
|
Batting: SHB Ian Arlotta
|
0-0: Foul Ball, location: 2F 0-1: Foul Ball, location: 2F 0-2: Foul Ball, location: 2F 0-2: Ball 1-2: Ball 2-2: Strikes out swinging
|
| Top of the 6th over - 1 run, 2 hits, 0 errors, 1 left on base; Connecticut 6 - Tri-City 8 |
| BOTTOM OF THE 6TH |
|
Tri-City ValleyCats batting - Pitching for Connecticut Tigers : RHP Andy Strange
|
|
Batting: LHB Danny Wolver
|
0-0: SINGLE (Groundball, 56S, EV 70.0 MPH) (infield hit)
|
|
Batting: RHB Erik Smith
|
Pickoff Throw to First - Error! E1 Danny Wolver to second 0-0: Foul Ball, location: 2F 0-1: Fly out, F7 (Line Drive, 7S, EV 105.6 MPH)
|
|
Pitching: RHP Sho Sekine
|
|
|
Batting: RHB Alex Campos
|
0-0: Ball 1-0: Foul Ball, location: 2F 1-1: Called Strike Danny Wolver steals 3rd base 1-2: Ball 2-2: Ball 3-2: Fly out, F8 (Flyball, 8RS, EV 82.5 MPH)
|
|
Batting: LHB Aldo Kok
|
0-0: Called Strike 0-1: Foul Ball, location: 2F 0-2: Ball 1-2: Foul Ball, location: 2F 1-2: Foul Ball, location: 2F 1-2: SINGLE (Groundball, 4D, EV 106.2 MPH) Danny Wolver scores
|
|
Batting: LHB Mike Handrahan
|
0-0: Ball 1-0: Ball 2-0: Called Strike 2-1: Foul Ball, location: 2F 2-2: Strikes out swinging
|
| Bottom of the 6th over - 1 run, 2 hits, 1 error, 1 left on base; Connecticut 6 - Tri-City 9 |
| TOP OF THE 7TH |
|
Connecticut Tigers batting - Pitching for Tri-City ValleyCats : RHP Taek-gyun Kym
|
|
Batting: LHB Zach Rose
|
0-0: SINGLE (Groundball, 34D, EV 102.5 MPH)
|
|
Batting: RHB Janne Vihko
|
0-0: Ball 1-0: Called Strike 1-1: Fly out, F8 (Flyball, 89D, EV 108.8 MPH)
|
|
Batting: RHB Jaden Warrior
|
0-0: DOUBLE (Line Drive, 89D, EV 111.2 MPH) Zach Rose to third
|
|
Batting: LHB Nick Swank
|
0-0: Ball 1-0: Ball 2-0: Ground out 5-3 (Groundball, 56, EV 91.9 MPH) Zach Rose scores
|
|
Batting: RHB Zack DiCicco
|
0-0: Ball 1-0: Swinging Strike 1-1: Swinging Strike 1-2: Strikes out swinging
|
| Top of the 7th over - 1 run, 2 hits, 0 errors, 1 left on base; Connecticut 7 - Tri-City 9 |
| BOTTOM OF THE 7TH |
|
Tri-City ValleyCats batting - Pitching for Connecticut Tigers : RHP Sho Sekine
|
|
Batting: LHB Bob Govella
|
0-0: Ball 1-0: Fly out, F8 (Flyball, 78D, EV 103.8 MPH)
|
|
Batting: RHB Kieron Clark
|
0-0: Called Strike 0-1: Ball 1-1: Ball 2-1: Called Strike 2-2: Strikes out swinging
|
|
Pitching: RHP Juan Murillo
|
|
|
Batting: LHB Bruce Arvizu
|
0-0: Called Strike 0-1: Ground out 6-3 (Groundball, 4M, EV 88.1 MPH)
|
| Bottom of the 7th over - 0 runs, 0 hits, 0 errors, 0 left on base; Connecticut 7 - Tri-City 9 |
| TOP OF THE 8TH |
|
Connecticut Tigers batting - Pitching for Tri-City ValleyCats : RHP Taek-gyun Kym
|
|
Pitching: RHP Addick Huiberts
|
|
|
Batting: RHB Jeremiah Washington
|
0-0: Called Strike 0-1: Ball 1-1: Ball 2-1: Foul Ball, location: 2F 2-2: Ball 3-2: Reached on error, E6 (Groundball, 6S, EV 81.2 MPH)
|
|
Batting: SHB Ryohei Nakano
|
0-0: Ball 1-0: Called Strike 1-1: Fly out, F9 (Line Drive, 9D, EV 86.9 MPH)
|
|
Pinch Hitting: LHB Antonio Luis
|
0-0: Ball 1-0: Ball 2-0: Called Strike 2-1: Ball 3-1: Foul Ball, location: 2F 3-2: Foul Ball, location: 2F 3-2: Base on Balls
|
|
Batting: SHB Ian Arlotta
|
0-0: Ball 1-0: Ball 2-0: Foul Ball, location: 2F 2-1: Ball 3-1: Swinging Strike 3-2: Base on Balls Jeremiah Washington to third Antonio Luis to second
|
|
Pitching: LHP Ruben Rojas
|
|
|
Pinch Hitting: RHB Khalil Coleman
|
0-0: Called Strike 0-1: Grounds into fielders choice 1-2 (Groundball, 15S, EV 65.6 MPH) Antonio Luis to third Ian Arlotta to second
|
|
Batting: RHB Janne Vihko
|
0-0: Ball Wild Pitch! Antonio Luis scores Ian Arlotta to third Khalil Coleman to second 1-0: SINGLE (Groundball, 6S, EV 67.5 MPH) (infield hit) Ian Arlotta scores Khalil Coleman to third
|
|
Batting: RHB Jaden Warrior
|
0-0: Ball 1-0: Foul Ball, location: 2F 1-1: Ball 2-1: Foul Ball, location: 2F 2-2: Foul Ball, location: 2F 2-2: Strikes out swinging
|
| Top of the 8th over - 2 runs, 1 hit, 1 error, 2 left on base; Connecticut 9 - Tri-City 9 |
| BOTTOM OF THE 8TH |
|
Tri-City ValleyCats batting - Pitching for Connecticut Tigers : RHP Juan Murillo
|
|
Now at 2B: Yankel Pensak
|
|
|
Now at 3B: Ryohei Nakano
|
|
|
Now in LF: Billy Verdusco
|
|
|
Pinch Hitting: LHB Tomas de Zeeuw
|
0-0: Called Strike 0-1: Ball 1-1: Swinging Strike 1-2: Foul Ball, location: 2F 1-2: Foul Ball, location: 2F 1-2: Hit by Pitch
|
|
Batting: LHB Danny Wolver
|
0-0: Ball 1-0: Called Strike 1-1: Foul Ball, location: 2F 1-2: Fielders Choice at 2nd, 6-4 (Groundball, 6M, EV 97.5 MPH)
|
|
Batting: RHB Erik Smith
|
0-0: Called Strike 0-1: Foul Ball, location: 2F 0-2: Foul Ball, location: 2F 0-2: Ball 1-2: Strikes out swinging
|
|
Batting: RHB Alex Campos
|
0-0: Swinging Strike 0-1: Hit by Pitch Danny Wolver to second
|
|
Batting: LHB Aldo Kok
|
0-0: Ball 1-0: Called Strike 1-1: Fly out, F8 (Flyball, 8LM, EV 76.9 MPH)
|
| Bottom of the 8th over - 0 runs, 0 hits, 0 errors, 2 left on base; Connecticut 9 - Tri-City 9 |
| TOP OF THE 9TH |
|
Connecticut Tigers batting - Pitching for Tri-City ValleyCats : LHP Ruben Rojas
|
|
Now at 2B: Derek Moran
|
|
|
Batting: LHB Nick Swank
|
0-0: Ball 1-0: SINGLE (Groundball, 34D, EV 98.8 MPH)
|
|
Batting: RHB Zack DiCicco
|
0-0: Called Strike 0-1: Ball 1-1: Ball 2-1: Called Strike 2-2: Foul Ball, location: 2F 2-2: Foul Ball, location: 2F 2-2: Ball 3-2: Strikes out swinging
|
|
Pitching: RHP Danny Helm
|
|
|
Batting: RHB Jeremiah Washington
|
0-0: Ball 1-0: DOUBLE (Line Drive, 9LS, EV 95.6 MPH) Nick Swank to third
|
|
Batting: SHB Ryohei Nakano
|
0-0: Intentional Walk
|
|
Batting: RHB Yankel Pensak
|
0-0: SINGLE (Groundball, 6, EV 88.1 MPH) (infield hit) Nick Swank scores Jeremiah Washington to third Ryohei Nakano to second
|
|
Batting: SHB Ian Arlotta
|
0-0: Grounds into fielders choice 5-2 (Groundball, 25, EV 70.0 MPH) Ryohei Nakano to third Yankel Pensak to second
|
|
Batting: RHB Billy Verdusco
|
0-0: Ball 1-0: Foul Ball, location: 2F 1-1: Ball 2-1: Foul Ball, location: 2F 2-2: Foul Ball, location: 2F 2-2: Ball 3-2: Strikes out swinging
|
| Top of the 9th over - 1 run, 3 hits, 0 errors, 3 left on base; Connecticut 10 - Tri-City 9 |
| BOTTOM OF THE 9TH |
|
Tri-City ValleyCats batting - Pitching for Connecticut Tigers : RHP Juan Murillo
|
|
Pitching: RHP Ramiro Silva
|
|
|
Now at 1B: Tony Nunez
|
|
|
Batting: LHB Mike Handrahan
|
0-0: Swinging Strike 0-1: Ball 1-1: Ball 2-1: Foul Ball, location: 2F 2-2: Ball 3-2: Foul Ball, location: 2F 3-2: Base on Balls
|
|
Batting: LHB Bob Govella
|
0-0: Called Strike 0-1: Ball 1-1: Foul Ball, location: 2F 1-2: Ball 2-2: Foul Ball, location: 2F 2-2: Strikes out swinging
|
|
Batting: RHB Kieron Clark
|
0-0: Called Strike 0-1: Foul Ball, location: 2F 0-2: Ball 1-2: Ball 2-2: Strikes out swinging
|
|
Batting: LHB Bruce Arvizu
|
0-0: Called Strike 0-1: Ball 1-1: Ball 2-1: Ball 3-1: Foul Ball, location: 2F 3-2: Foul Ball, location: 2F 3-2: Ground out 4-3 (Groundball, 34, EV 105.0 MPH)
|
| Bottom of the 9th over - 0 runs, 0 hits, 0 errors, 1 left on base; Connecticut 10 - Tri-City 9 |
|